 Dungeon Crawl Stone Soup version 0.31-a0-986-g5e6e4ef867 (webtiles) character file.

Game seed: 6176911796645592722

323 jestert79 the Ruffian (level 6, -3/42 HPs)
             Began as a Djinni Shapeshifter on Nov 4, 2023.
             Slain by an ice beast (19 damage)
             ... on level 4 of the Dungeon.
             The game lasted 00:13:12 (4044 turns).

jestert79 the Ruffian (Djinni Shapeshifter)         Turns: 4044, Time: 00:13:13

Health: -3/42      AC:  2    Str: 13    XL:     6   Next: 77%
Gold:   222        EV: 17    Int: 14    God:
                   SH:  0    Dex: 12

rFire   + +          .
                       - Unarmed
rCold   x . .        (no shield)
rNeg    . . .        a - +0 animal skin
rPois   ∞            (helmet currently unavailable)
rElec   .            (cloak currently unavailable)
rCorr   .            (gloves currently unavailable)
SInv    .            (boots unavailable)
Will    .....        (no amulet)
Stlth   +            l - +5 ring of evasion
HPRegen 0.27/turn    (no ring)
MPRegen 0.00/turn

%: infuse magic (-4 HP)
@: beast-form, flying
A: beast (slay +2), flying, sickness immunity, fire resistance 2, cold
vulnerability 1, float, innate caster, HP casting, extra vitality 1
a: Begin Untransformation


You were on level 4 of the Dungeon.
You were a hulking beast.
You visited 1 branch of the dungeon, and saw 4 of its levels.

You collected 222 gold pieces.

Inventory:

Missiles
 e - 16 stones
 k - 3 javelins (quivered)
 w - 9 poisoned darts
Armour
 a - a +0 animal skin (worn)
Jewellery
 l - a +5 ring of evasion (left hand)
Talismans
 c - a beast talisman (active)
 d - a flux talisman
Scrolls
 i - 4 scrolls of identify {unknown}
 j - a scroll of immolation {unknown}
 m - a scroll of vulnerability {unknown}
 p - a scroll of silence {unknown}
 q - a scroll of brand weapon {unknown}
 r - 2 scrolls of poison {unknown}
 t - 3 scrolls of teleportation {unknown}
 x - a scroll of enchant armour {unknown}
Potions
 b - a potion of lignification
 f - a potion of haste {unknown}
 g - a potion of heal wounds {unknown}
 h - a potion of curing {unknown}
 n - a potion of might {unknown}
 o - a potion of cancellation {unknown}
 s - a potion of enlightenment {unknown}
 u - a potion of mutation {unknown}
 v - a potion of brilliance {unknown}
 z - a potion of berserk rage {unknown}


   Skills:
 - Level 1.0 Fighting
 - Level 2.1 Dodging
 + Level 5.0 Unarmed Combat
 + Level 1.9 Spellcasting
 + Level 1.9 Conjurations
 + Level 1.9 Hexes
   Level 0.0 Charms
 + Level 1.9 Summonings
 + Level 1.9 Necromancy
 + Level 1.9 Translocations
 + Level 1.9 Transmutations
 + Level 1.9 Fire Magic
 + Level 1.9 Ice Magic
 + Level 1.9 Air Magic
 + Level 1.9 Earth Magic
 + Level 1.9 Poison Magic
 - Level 4.2 Shapeshifting


You knew the following spells:

 Your Spells              Type           Power      Damage    Failure   Level
a - Shock                 Conj/Air       24%        1d4       11%         1
b - Jinxbite              Hex            12%        N/A       17%         2
Your spell library was empty.

Dungeon Overview and Level Annotations

Branches:
Dungeon (4/15)
 Temple: D:4-7

Altars:

Shops:
D:2 (   D:4 [

Annotations:
D:2 1 runed translucent door, Crazy Yiuf


Innate Abilities, Weirdness & Mutations

You are a hulking beast.
Your limbs bulge with bestial killing power. (Slay +2)
You are flying.
You are immune to sickness and miasma.
You are immune to poison.
Your flesh is very heat resistant. (rF++)
You are vulnerable to cold. (rC-)
You float through the air rather than walking.
You learn spells naturally, not from books.
Your magical power is your life essence.
You have superior vitality. (+4 MHP)


Message History

Press: ? - help, Shift-Dir - straight line The zap hits the ice beast.
The ice beast is lightly wounded.
The zap hits the ice beast.
The ice beast is lightly wounded.
The zap hits the jelly.
The jelly is almost dead.
Unknown command.
Casting: Shock (safe; 12% risk of failure)
Confirm with . or Enter, or press ? or * to list all spells.
Aiming: Shock (safe; 12% risk of failure)
Press: ? - help, Shift-Dir - straight line The zap hits the ice beast.
The ice beast is lightly wounded.
The zap misses the ice beast.
The zap hits the jelly.
You kill the jelly!
The ice beast hits you but does no damage.
Your Unarmed Combat skill increases to level 5!
Casting: Shock (safe; 11% risk of failure)
Confirm with . or Enter, or press ? or * to list all spells.
Aiming: Shock (safe; 11% risk of failure)
Press: ? - help, Shift-Dir - straight line The zap misses the ice beast. x2; The zap hits the kobold.
The kobold is severely wounded.
The ice beast barely misses you.
Unknown command.
You hit the ice beast.
The ice beast is heavily wounded.
The ice beast hits you. The ice beast freezes you!
You feel a terrible chill!
You hit the ice beast but do no damage.
You punch the ice beast, but do no damage.
The ice beast is moderately wounded.
The ice beast closely misses you.
You hit the ice beast.
The ice beast is heavily wounded.
The ice beast hits you. The ice beast freezes you!
You feel a terrible chill!
You hit the ice beast but do no damage.
The ice beast is heavily wounded.
The ice beast hits you. The ice beast freezes you!!
You feel a terrible chill!
You die...

.........######...#<
..♣..P♣....#.#.....<
♣..P♣♣..........#...
♣#+# ♣.........)##.. ##.
♣...........### .:
+P...........### #K
#P♣............. .
#Y#♣♣P..........#..
..♣♣♣PPh♣♣P.............
.....P♣.PP..............
....^.................P.
...................#...P
#...........##....###...
#########..####...# ##..
##.# ##..# ##.
#..#####..####..
#...#.#...##.#..


You could see an ice beast and a kobold.

Vanquished Creatures
  A black bear (D:4)
  2 lemures (D:4)
  A jelly (D:4)
  An orc wizard (D:3)
  4 gnolls (D:2)
  5 adders
  10 orcs (D:3)
  4 endoplasms
  2 giant cockroaches (D:3)
  5 goblins
  6 hobgoblins
  14 jackals (D:1)
  6 kobolds
  A quokka (D:4)
  6 ball pythons
  6 bats
  2 frilled lizards (D:3)
  6 rats
82 creatures vanquished.

Notes
Turn   | Place    | Note
-------+----------+-------------------------------------------
     0 | D:1      | jestert79 the Djinni Shapeshifter began the quest for the
                  | Orb.
     0 | D:1      | Reached XP level 1. HP: 17/17 MP: 0/0
     7 | D:1      | Noticed an elf
     9 | D:1      | Noticed a ghoul
     9 | D:1      | Noticed a meteoran
    11 | D:1      | Noticed a human
    11 | D:1      | Noticed a draconian
    13 | D:1      | Noticed a formicid
    13 | D:1      | Noticed an octopode
    15 | D:1      | Noticed a gargoyle
    15 | D:1      | Noticed a troll
    17 | D:1      | Noticed a vine stalker
    17 | D:1      | Noticed a merfolk
    19 | D:1      | Noticed a naga
    19 | D:1      | Noticed a tengu
    21 | D:1      | Noticed a minotaur
    21 | D:1      | Noticed a demonspawn
    25 | D:1      | Noticed an armataur
    25 | D:1      | Noticed a spriggan
    27 | D:1      | Noticed an ogre
    27 | D:1      | Noticed a demigod
    29 | D:1      | Noticed an ogre
    29 | D:1      | Noticed a felid
    31 | D:1      | Noticed a formicid
   237 | D:1      | Reached XP level 2. HP: 22/22 MP: 0/0
   586 | D:1      | Reached XP level 3. HP: 24/27 MP: 0/0
   586 | D:1      | Learned a level 1 spell: Shock
  1194 | D:2      | Reached XP level 4. HP: 22/32 MP: 0/0
  1307 | D:2      | Reached skill level 4 in Unarmed Combat
  1411 | D:2      | Found Eczeinuw's Weapon Shoppe.
  1436 | D:2      | Found a runed translucent door.
  1437 | D:2      | Noticed Crazy Yiuf
  1736 | D:2      | Reached XP level 5. HP: 32/37 MP: 0/0
  1736 | D:2      | Learned a level 2 spell: Jinxbite
  1743 | D:2      | Reached skill level 1 in Spellcasting
  1743 | D:2      | Reached skill level 1 in Conjurations
  1743 | D:2      | Reached skill level 1 in Hexes
  1743 | D:2      | Reached skill level 1 in Summonings
  1743 | D:2      | Reached skill level 1 in Necromancy
  1743 | D:2      | Reached skill level 1 in Translocations
  1743 | D:2      | Reached skill level 1 in Transmutations
  1743 | D:2      | Reached skill level 1 in Fire Magic
  1743 | D:2      | Reached skill level 1 in Ice Magic
  1743 | D:2      | Reached skill level 1 in Air Magic
  1743 | D:2      | Reached skill level 1 in Earth Magic
  1743 | D:2      | Reached skill level 1 in Poison Magic
  3272 | D:3      | Reached XP level 6. HP: 40/42 MP: 0/0
  3827 | D:4      | Found Xeuskoj's Armour Emporium.
  3835 | D:4      | Noticed a black bear
  3845 | D:4      | Killed a black bear
  4034 | D:4      | Noticed an ice beast
  4040 | D:4      | Reached skill level 5 in Unarmed Combat
  4044 | D:4      | Slain by an ice beast

Illustrated notes

Levels and vault maps discovered:
D:1:      kb_arrival_jail, layout_loops_corners
D:2:      layout_basic, serial_shops, shop, uniq_crazy_yiuf_cottage
D:3:      layout_basic
D:4:      wad_lake_hut, layout_cave_pools, serial_shops,
          nicolae_inconvenience_store, serial_park, serial_park_tiny_1,
          serial_park_tiny_1, serial_park_tiny_2, serial_park_square1
          [serial_park_minivault_5x5_3], uniq_pikel

Skill      XL: |  1  2  3  4  5  6 |
---------------+-------------------+-----
Shapeshifting  | 3 4 |  4.2
Unarmed Combat | 4 5 |  5.0
Spellcasting   | 1 |  1.9
Conjurations   | 1 |  1.9
Hexes          | 1 |  1.9
Summonings     | 1 |  1.9
Necromancy     | 1 |  1.9
Translocations | 1 |  1.9
Transmutations | 1 |  1.9
Fire Magic     | 1 |  1.9
Ice Magic      | 1 |  1.9
Air Magic      | 1 |  1.9
Earth Magic    | 1 |  1.9
Poison Magic   | 1 |  1.9
Fighting       | |  1.0
Dodging        | |  2.1

Action                     |  1- 3 |  4- 6 || total
---------------------------+-------+-------++-------
  Melee: Unarmed           |   110 |   111 ||   221
         Punch             |       |     1 ||     1
  Throw: Javelin           |       |     9 ||     9
   Cast: Shock             |     2 |    79 ||    81
         Jinxbite          |       |     2 ||     2
   Stab: Sleeping          |     1 |     1 ||     2
 Armour: Animal skin       |    42 |    54 ||    96
  Dodge: Dodged            |    70 |    83 ||   153
   Form: Beast             |     1 |       ||     1

Table legend: (Time is in decaauts)
 A = Elapsed time spent in this place.
 B = Non-inter-level travel time spent in this place.
 C = Inter-level travel time spent in this place.
 D = Time resting spent in this place.
 E = Time spent auto-exploring this place.
 F = Levels seen in this place.
 G = Mean time per level.
                   A        B        C        D        E       F      G
               +--------+--------+--------+--------+--------+-----+--------+
         Total |   4033 |   3897 |    136 |    416 |   2791 |   4 | 1008.2 |
       Dungeon |   4033 |   3897 |    136 |    416 |   2791 |   4 | 1008.2 |
               +--------+--------+--------+--------+--------+-----+--------+

Top non-repeatable levels by time:
     D:3: 1350 daAuts
     D:1: 1157 daAuts
     D:2: 1105 daAuts
     D:4: 419 daAuts
